PL
NEW ORLEANS VOODOO @ BUFFALO WHITE WALKERS
08/03/2042
 
TOP OF THE 1ST
New Orleans Voodoo batting - Pitching for Buffalo White Walkers : LHP Dave Dunn
Pitching: LHP Dave Dunn
Batting: RHB Júlio Sahagún 0-0: Called Strike
0-1: Ball
1-1: Foul Ball, location: 2F
1-2: Foul Ball, location: 2F
1-2: SINGLE (Groundball, 6D, EV 101.2 MPH)
Batting: RHB Rod Sarkies 0-0: Called Strike
Júlio Sahagún steals 2nd base (no throw)
0-1: SINGLE (Groundball, 4MD, EV 95.6 MPH)
Júlio Sahagún to third
Batting: RHB Petri Kallio 0-0: Ball
1-0: Called Strike
1-1: Ball
2-1: Foul Ball, location: 2F
2-2: Foul Ball, location: 2F
2-2: Ball
3-2: Fielders Choice at 2nd, 5-4 (Groundball, 56S, EV 82.5 MPH)
Júlio Sahagún scores
Batting: RHB Jeff Bowers 0-0: Called Strike
0-1: Ball
1-1: Ball
2-1: Fielders Choice at 2nd, 6-4 (Groundball, 6, EV 108.8 MPH)
Batting: RHB John Clark 0-0: Called Strike
0-1: SINGLE (Line Drive, 89S, EV 106.2 MPH)
Jeff Bowers to second
Batting: LHB Jonathan Gunner 0-0: Ball
1-0: Called Strike
1-1: Foul Ball, location: 2F
1-2: Ball
2-2: Foul Ball, location: 2F
2-2: Strikes out looking
Top of the 1st over - 1 run, 3 hits, 0 errors, 2 left on base; New Orleans 1 - Buffalo 0
BOTTOM OF THE 1ST
Buffalo White Walkers batting - Pitching for New Orleans Voodoo : RHP Buzzy Grossman
Pitching: RHP Buzzy Grossman
Batting: LHB Dread Roberts 0-0: Ball
1-0: Bunted foul
1-1: Ball
2-1: Foul Ball, location: 2F
2-2: Foul Ball, location: 2F
2-2: Ball
3-2: Base on Balls
Batting: RHB Tom Smythe 0-0: Swinging Strike
0-1: Ball
1-1: Grounds into double play, 6-4-3 (Groundball, 56, EV 103.8 MPH)
Batting: LHB Ryder Ringor 0-0: Ball
1-0: Fly out, F8 (Flyball, 8LM, EV 87.5 MPH)
Bottom of the 1st over - 0 runs, 0 hits, 0 errors, 0 left on base; New Orleans 1 - Buffalo 0
TOP OF THE 2ND
New Orleans Voodoo batting - Pitching for Buffalo White Walkers : LHP Dave Dunn
Batting: RHB Vitorio Flores 0-0: Reached on error, E5 (Groundball, 56, EV 87.5 MPH)
Batting: RHB Arturo Cicerón 0-0: Fly out, F1 (Line Drive, P, EV 73.1 MPH)
Batting: LHB Jorge Castillo 0-0: Swinging Strike
0-1: SINGLE (Flyball, 7S, EV 87.5 MPH)
Vitorio Flores to third
Runner from 3rd tries for Home, SAFE, throw by LF to home
Jorge Castillo to second
Batting: RHB Júlio Sahagún 0-0: SINGLE (Line Drive, 4D, EV 97.5 MPH)
Jorge Castillo to third
Runner from 3rd tries for Home, throw by RF and OUT! 9-2
Batting: RHB Rod Sarkies 0-0: Ball
Júlio Sahagún steals 2nd base (no throw)
1-0: Ball
2-0: Swinging Strike
2-1: Called Strike
2-2: Strikes out swinging
Top of the 2nd over - 1 run, 2 hits, 1 error, 1 left on base; New Orleans 2 - Buffalo 0
BOTTOM OF THE 2ND
Buffalo White Walkers batting - Pitching for New Orleans Voodoo : RHP Buzzy Grossman
Batting: SHB Je-myung Yu 0-0: Called Strike
0-1: Ball
1-1: Foul Ball, location: 2F
1-2: Ball
2-2: Foul Ball, location: 2F
2-2: Ball
3-2: Foul Ball, location: 2F
3-2: Ground out 5-3 (Groundball, 56, EV 97.5 MPH)
Batting: RHB Eddie Sachs 0-0: SOLO HOME RUN (Flyball, 7D, EV 90.6 MPH), Distance : 374 ft
Batting: SHB Max Bortenschlager 0-0: SINGLE (Groundball, 6D, EV 101.2 MPH)
Batting: SHB Tom Dickinson 0-0: Called Strike
0-1: Ball
1-1: Reached on error, E2 (Groundball, 15S, EV 65.6 MPH)
Max Bortenschlager to second
Batting: LHB Alexis Raimbault 0-0: Foul Ball, location: 2F
0-1: Foul Ball, location: 2F
0-2: Ball
1-2: Foul Ball, location: 2F
1-2: Strikes out swinging
Batting: RHB José Santos 0-0: Foul Ball, location: 2F
0-1: Ball
1-1: Foul Ball, location: 2F
1-2: SINGLE (Line Drive, 4MD, EV 99.4 MPH)
Max Bortenschlager to third
Tom Dickinson to second
Runner from 3rd tries for Home, throw by CF and OUT! 8-2
Bottom of the 2nd over - 1 run, 3 hits, 1 error, 2 left on base; New Orleans 2 - Buffalo 1
TOP OF THE 3RD
New Orleans Voodoo batting - Pitching for Buffalo White Walkers : LHP Dave Dunn
Batting: RHB Petri Kallio 0-0: Ball
1-0: Ball
2-0: Ball
3-0: Base on Balls
Batting: RHB Jeff Bowers 0-0: Called Strike
0-1: Fly out, F7 (Line Drive, 7, EV 86.2 MPH)
Batting: RHB John Clark 0-0: Ball
1-0: DOUBLE (Groundball, 5L, EV 111.2 MPH)
Petri Kallio to third
Runner from 3rd tries for Home, SAFE, no throw by LF
Batting: LHB Jonathan Gunner 0-0: Ball
1-0: Foul Ball, location: 2F
1-1: Foul Ball, location: 2F
1-2: Foul Ball, location: 2F
1-2: Foul Ball, location: 2F
1-2: Foul Ball, location: 2F
1-2: Ground out 4-3 (Groundball, 4, EV 98.8 MPH)
John Clark to third
Batting: RHB Vitorio Flores 0-0: Ball
1-0: Called Strike
1-1: Fly out, F8 (Flyball, 8RXD, EV 100.0 MPH)
Top of the 3rd over - 1 run, 1 hit, 0 errors, 1 left on base; New Orleans 3 - Buffalo 1
BOTTOM OF THE 3RD
Buffalo White Walkers batting - Pitching for New Orleans Voodoo : RHP Buzzy Grossman
Batting: LHB Dread Roberts 0-0: Ball
1-0: Foul Ball, location: 2F
1-1: Ball
2-1: Foul Ball, location: 2F
2-2: Ball
3-2: SINGLE (Groundball, 15S, EV 66.2 MPH) (infield hit)
Batting: RHB Tom Smythe 0-0: Ball
1-0: Grounds into double play, 4-6-3 (Groundball, 4, EV 88.1 MPH)
Batting: LHB Ryder Ringor 0-0: Called Strike
0-1: Ball
1-1: Called Strike
1-2: Ball
2-2: SOLO HOME RUN (Flyball, 78XD, EV 91.9 MPH), Distance : 373 ft
Batting: SHB Je-myung Yu 0-0: Ball
1-0: Ball
2-0: Foul Ball, location: 2F
2-1: Swinging Strike
2-2: Ground out 4-3 (Groundball, 4, EV 79.4 MPH)
Bottom of the 3rd over - 1 run, 2 hits, 0 errors, 0 left on base; New Orleans 3 - Buffalo 2
TOP OF THE 4TH
New Orleans Voodoo batting - Pitching for Buffalo White Walkers : LHP Dave Dunn
Batting: RHB Arturo Cicerón 0-0: Ball
1-0: Fly out, F9 (Line Drive, 9, EV 86.9 MPH)
Batting: LHB Jorge Castillo 0-0: Ground out U3 (Groundball, 3, EV 109.4 MPH)
Batting: RHB Júlio Sahagún 0-0: Fly out, F3 (Popup, 3, EV 59.4 MPH)
Top of the 4th over - 0 runs, 0 hits, 0 errors, 0 left on base; New Orleans 3 - Buffalo 2
BOTTOM OF THE 4TH
Buffalo White Walkers batting - Pitching for New Orleans Voodoo : RHP Buzzy Grossman
Batting: RHB Eddie Sachs 0-0: SINGLE (Groundball, 56D, EV 99.4 MPH)
Batting: SHB Max Bortenschlager 0-0: Foul Ball, location: 2F
0-1: Ball
1-1: Grounds into double play, 3-6-1 (Groundball, 3, EV 84.4 MPH)
Batting: SHB Tom Dickinson 0-0: Ball
1-0: Ball
2-0: Called Strike
2-1: SINGLE (Line Drive, 9S, EV 98.8 MPH)
Batting: LHB Alexis Raimbault 0-0: Ball
1-0: Called Strike
1-1: Ball
2-1: Ball
3-1: SINGLE (Groundball, 4MD, EV 95.6 MPH)
Tom Dickinson to second
Runner from 2nd tries for 3rd, SAFE, no throw by CF
Batting: RHB José Santos 0-0: Fly out, F9 (Flyball, 9, EV 85.6 MPH)
Bottom of the 4th over - 0 runs, 3 hits, 0 errors, 2 left on base; New Orleans 3 - Buffalo 2
TOP OF THE 5TH
New Orleans Voodoo batting - Pitching for Buffalo White Walkers : LHP Dave Dunn
Batting: RHB Rod Sarkies 0-0: Fly out, F8 (Line Drive, 8RD, EV 91.9 MPH)
Batting: RHB Petri Kallio 0-0: Ball
1-0: Ball
2-0: Foul Ball, location: 2F
2-1: Called Strike
2-2: Ball
3-2: Strikes out swinging
Batting: RHB Jeff Bowers 0-0: Ball
1-0: Called Strike
1-1: Swinging Strike
1-2: Strikes out swinging wild pitch, reaches first!
Batting: RHB John Clark 0-0: Ground out 1-3 (Groundball, 34S, EV 82.5 MPH)
Top of the 5th over - 0 runs, 0 hits, 0 errors, 1 left on base; New Orleans 3 - Buffalo 2
BOTTOM OF THE 5TH
Buffalo White Walkers batting - Pitching for New Orleans Voodoo : RHP Buzzy Grossman
Batting: LHB Dread Roberts 0-0: Foul Ball, location: 2F
0-1: Called Strike
0-2: Ball
1-2: Ball
2-2: Ball
3-2: Fly out, F7 (Line Drive, 7, EV 96.9 MPH)
Batting: RHB Tom Smythe 0-0: Ball
1-0: Ball
2-0: Foul Ball, location: 2F
2-1: Foul Ball, location: 2F
2-2: Fly out, F9 (Flyball, 89XD, EV 107.5 MPH)
Batting: LHB Ryder Ringor 0-0: Ball
1-0: Ball
2-0: Called Strike
2-1: DOUBLE (Line Drive, 89D, EV 106.9 MPH)
Batting: SHB Je-myung Yu 0-0: Called Strike
0-1: Foul Ball, location: 2F
0-2: Ball
1-2: Fly out, F9 (Flyball, 9LS, EV 88.8 MPH)
Bottom of the 5th over - 0 runs, 1 hit, 0 errors, 1 left on base; New Orleans 3 - Buffalo 2
TOP OF THE 6TH
New Orleans Voodoo batting - Pitching for Buffalo White Walkers : LHP Dave Dunn
Batting: LHB Jonathan Gunner 0-0: Called Strike
0-1: Swinging Strike
0-2: Foul Ball, location: 2F
0-2: Foul Ball, location: 2F
0-2: Hit by Pitch
Batting: RHB Vitorio Flores 0-0: Swinging Strike
0-1: Ball
1-1: Called Strike
1-2: Ball
2-2: Foul Ball, location: 2F
2-2: Foul Ball, location: 2F
2-2: Strikes out swinging
Batting: RHB Arturo Cicerón 0-0: Ball
1-0: Called Strike
1-1: Ball
2-1: Ball
3-1: DOUBLE (Line Drive, 9LS, EV 105.0 MPH)
Jonathan Gunner to third
Batting: LHB Jorge Castillo 0-0: SINGLE (Groundball, 6, EV 103.8 MPH) (infield hit)
Jonathan Gunner scores
Arturo Cicerón to third
Batting: RHB Júlio Sahagún 0-0: Fly out, F8 (Line Drive, 8RM, EV 89.4 MPH)
Runner from 3rd tags up, SCORES, throw by CF
Batting: RHB Rod Sarkies 0-0: Ball
1-0: Ball
2-0: Foul Ball, location: 2F
2-1: Fielders Choice at 2nd, 6-4 (Groundball, 6, EV 91.9 MPH)
Top of the 6th over - 2 runs, 2 hits, 0 errors, 1 left on base; New Orleans 5 - Buffalo 2
BOTTOM OF THE 6TH
Buffalo White Walkers batting - Pitching for New Orleans Voodoo : RHP Buzzy Grossman
Batting: RHB Eddie Sachs 0-0: Called Strike
0-1: Ball
1-1: Called Strike
1-2: Foul Ball, location: 2F
1-2: Ball
2-2: Strikes out swinging
Batting: SHB Max Bortenschlager 0-0: DOUBLE (Line Drive, 7LM, EV 108.8 MPH)
Batting: SHB Tom Dickinson 0-0: Ball
1-0: Ball
2-0: Fly out, F9 (Flyball, 9LM, EV 100.6 MPH)
Runner from 2nd tags up, SAFE at 3rd, no throw by RF
Batting: LHB Alexis Raimbault 0-0: Ball
1-0: Ball
2-0: Called Strike
2-1: Ball
3-1: Called Strike
3-2: Fly out, F4 (Popup, 4MD, EV 71.9 MPH)
Bottom of the 6th over - 0 runs, 1 hit, 0 errors, 1 left on base; New Orleans 5 - Buffalo 2
TOP OF THE 7TH
New Orleans Voodoo batting - Pitching for Buffalo White Walkers : LHP Dave Dunn
Pitching: RHP Keith Rojas
Batting: RHB Petri Kallio 0-0: Ball
1-0: Foul Ball, location: 2F
1-1: Ball
2-1: Ball
3-1: Called Strike
3-2: Ground out 6-3 (Groundball, 56, EV 103.1 MPH)
Pitching: LHP Mannus Dijkman
Batting: RHB Jeff Bowers 0-0: Ball
1-0: Called Strike
1-1: Ball
2-1: Ground out 1-3 (Groundball, 34S, EV 81.9 MPH)
Batting: RHB John Clark 0-0: Ball
1-0: Called Strike
1-1: Ball
2-1: Ground out 4-3 (Groundball, 4S, EV 73.8 MPH)
Top of the 7th over - 0 runs, 0 hits, 0 errors, 0 left on base; New Orleans 5 - Buffalo 2
BOTTOM OF THE 7TH
Buffalo White Walkers batting - Pitching for New Orleans Voodoo : RHP Buzzy Grossman
Pitching: RHP David Flowers
Batting: RHB José Santos 0-0: Called Strike
0-1: Ground out 6-3 (Groundball, 6, EV 87.5 MPH)
Batting: LHB Dread Roberts 0-0: Ball
1-0: Called Strike
1-1: Fly out, F8 (Flyball, 78XD, EV 92.5 MPH)
Batting: RHB Tom Smythe 0-0: Ball
1-0: SINGLE (Line Drive, 78S, EV 95.0 MPH)
Batting: LHB Ryder Ringor 0-0: Called Strike
0-1: Swinging Strike
0-2: Fly out, F9 (Flyball, 9S, EV 87.5 MPH)
Bottom of the 7th over - 0 runs, 1 hit, 0 errors, 1 left on base; New Orleans 5 - Buffalo 2
TOP OF THE 8TH
New Orleans Voodoo batting - Pitching for Buffalo White Walkers : LHP Mannus Dijkman
Batting: LHB Jonathan Gunner 0-0: Ball
1-0: Ball
2-0: Ball
3-0: Swinging Strike
3-1: SINGLE (Line Drive, 7LS, EV 95.0 MPH)
Batting: RHB Vitorio Flores 0-0: Swinging Strike
0-1: Swinging Strike
0-2: Ball
1-2: Ball
2-2: Foul Ball, location: 2F
2-2: Strikes out swinging
Batting: RHB Arturo Cicerón 0-0: Ball
1-0: Swinging Strike
1-1: Swinging Strike
1-2: Strikes out swinging
Batting: LHB Jorge Castillo 0-0: SINGLE (Groundball, 56, EV 86.9 MPH) (infield hit)
Jonathan Gunner to second
Batting: RHB Júlio Sahagún 0-0: Called Strike
0-1: Ball
1-1: Foul Ball, location: 2F
1-2: Ground out 1-3 (Groundball, 15S, EV 69.4 MPH)
Top of the 8th over - 0 runs, 2 hits, 0 errors, 2 left on base; New Orleans 5 - Buffalo 2
BOTTOM OF THE 8TH
Buffalo White Walkers batting - Pitching for New Orleans Voodoo : RHP David Flowers
Batting: SHB Je-myung Yu 0-0: Swinging Strike
0-1: Ball
1-1: Called Strike
1-2: Ball
2-2: Ball
3-2: SOLO HOME RUN (Flyball, 78XD, EV 101.9 MPH), Distance : 404 ft
Batting: RHB Eddie Sachs 0-0: Ball
1-0: Ball
2-0: Swinging Strike
2-1: Ball
3-1: Fly out, F8 (Line Drive, 8RM, EV 87.5 MPH)
Batting: SHB Max Bortenschlager 0-0: Called Strike
0-1: Ground out 6-3 (Groundball, 6M, EV 87.5 MPH)
Batting: SHB Tom Dickinson 0-0: Called Strike
0-1: SINGLE (Line Drive, 4D, EV 105.0 MPH)
Batting: LHB Alexis Raimbault 0-0: Ground out 4-3 (Groundball, 4, EV 88.8 MPH)
Bottom of the 8th over - 1 run, 2 hits, 0 errors, 1 left on base; New Orleans 5 - Buffalo 3
TOP OF THE 9TH
New Orleans Voodoo batting - Pitching for Buffalo White Walkers : LHP Mannus Dijkman
Pitching: RHP Woodward Haberdash
Batting: RHB Rod Sarkies 0-0: Ball
1-0: Ball
2-0: Ball
3-0: Base on Balls
Batting: RHB Petri Kallio 0-0: SINGLE (Flyball, 8RS, EV 98.1 MPH)
Rod Sarkies to second
Runner from 2nd tries for 3rd, SAFE, no throw by CF
Batting: RHB Jeff Bowers 0-0: Ball
1-0: Foul Ball, location: 2F
1-1: Ball
2-1: Fly out, F9 (Flyball, 9S, EV 92.5 MPH)
Batting: RHB John Clark 0-0: Ball
1-0: Called Strike
1-1: Ball
2-1: SINGLE (Line Drive, 89S, EV 105.6 MPH)
Rod Sarkies scores
Petri Kallio to second
Batting: LHB Jonathan Gunner 0-0: Grounds into double play, 3-6-3 (Groundball, 3, EV 96.9 MPH)
Top of the 9th over - 1 run, 2 hits, 0 errors, 1 left on base; New Orleans 6 - Buffalo 3
BOTTOM OF THE 9TH
Buffalo White Walkers batting - Pitching for New Orleans Voodoo : RHP David Flowers
Now in RF: José Soriano
Batting: RHB José Santos 0-0: SINGLE (Groundball, 4MD, EV 95.0 MPH)
Batting: LHB Dread Roberts 0-0: Ball
1-0: Foul Ball, location: 2F
1-1: 2-RUN HOME RUN (Line Drive, 9D, EV 108.1 MPH), Distance : 355 ft
Batting: RHB Tom Smythe 0-0: Called Strike
0-1: Ball
1-1: Ball
2-1: Called Strike
2-2: Fly out, F4 (Popup, 4MD, EV 50.6 MPH)
Batting: LHB Ryder Ringor 0-0: Called Strike
0-1: Swinging Strike
0-2: Ground out 6-3 (Groundball, 6, EV 85.6 MPH)
Batting: SHB Je-myung Yu 0-0: Called Strike
0-1: Swinging Strike
0-2: Ball
1-2: Ball
2-2: Ball
3-2: Base on Balls
Batting: RHB Eddie Sachs 0-0: Foul Ball, location: 2F
0-1: Ball
1-1: Ball
2-1: Ground out 2-3 (Groundball, 15S, EV 70.6 MPH)
Bottom of the 9th over - 2 runs, 2 hits, 0 errors, 1 left on base; New Orleans 6 - Buffalo 5
Friday, March 26th, 2021 - OOTP Baseball 20.8 Build 74